 Dungeon Crawl Stone Soup version 0.23-a0-344-ge122d05 (webtiles) character file.

57592 GizzardofKazz the Severer (level 14, -5/138 HPs)
             Began as a Minotaur Berserker on Oct 19, 2018.
             Was a High Priest of Trog.
             Killed by divine providence
             ... invoked by an orc priest
              (14 damage)
             ... on level 2 of the Orcish Mines.
             The game lasted 00:59:24 (18230 turns).

GizzardofKazz the Severer (Minotaur Berserker)     Turns: 18230, Time: 00:59:25

Health: -5/138     AC: 24    Str: 28    XL:     14   Next: 46%
Magic:  13/13      EV: 11    Int:  4    God:    Trog [*****.]
Gold:   1725       SH:  4    Dex: 11    Spells: 13/13 levels left

rFire    . . .     SeeInvis .   N - +3 executioner's axe (freeze)
rCold    . . .     Gourm    .   (shield currently unavailable)
rNeg     . . .     Faith    .   K - +3 plate armour {MR+}
rPois    .         Spirit   .   (helmet restricted)
rElec    .         Reflect  +   E - scarf {repulsion}
rCorr    .         Harm     .   u - +2 pair of gloves {archery}
MR       ++...                  g - +0 pair of boots
Stlth    ..........             J - +4 amulet of reflection
HPRegen  0.33/turn              r - +2 ring of protection
MPRegen  0.13/turn              B - +2 ring of strength

@: berserk cooldown, slowed, repel missiles, very slow
A: retaliatory headbutt, horns 2, blurry vision 1
a: Berserk, Trog's Hand, Brothers in Arms, Renounce Religion


You were on level 2 of the Orcish Mines.
You worshipped Trog.
Trog was extremely pleased with you.
You were near starving.

You visited 3 branches of the dungeon, and saw 18 of its levels.
You visited 1 bazaar.

You collected 2142 gold pieces.
You spent 417 gold pieces at shops.

Inventory:

Hand Weapons
 k - the +9 hand axe "Wemena" {venom, rC- rN+ MP+9 Str+9}
   (You took it off a crimson imp on level 13 of the Dungeon)

   It poisons the flesh of those it strikes.
   It affects your strength (+9).
   It makes you vulnerable to cold.
   It protects you from negative energy.
   It affects your magic capacity (+9).
 m - a +3 arbalest of velocity
 C - the +3 longbow of Suicidal Tendencies {velocity, Dex+4}
   (Trog gifted it to you on level 12 of the Dungeon)

   Any arrow fired from it inflicts extra damage.
   It affects your dexterity (+4).
 H - a +3 battleaxe of electrocution
 M - a +4 battleaxe
 N - a +3 executioner's axe of freezing (weapon)
Armour
 g - a +0 pair of boots (worn)
 u - a +2 pair of gloves of archery (worn)
 E - a scarf of repulsion (worn)
 F - a scarf of spirit shield
 K - a +3 plate armour of magic resistance (worn)
 Q - a +1 plate armour of poison resistance
Jewellery
 r - a +2 ring of protection (left hand)
 x - an uncursed ring of resist corrosion
 y - an uncursed ring of protection from cold
 B - a +2 ring of strength (right hand)
 D - an uncursed amulet of the acrobat
 J - a +4 amulet of reflection (around neck)
Wands
 q - a wand of random effects (12)
 v - a wand of digging (19)
 G - a wand of acid (9)
 L - a wand of disintegration (2)
Scrolls
 a - 2 scrolls of enchant armour
 e - 6 scrolls of teleportation
 f - 2 scrolls of blinking
 h - 4 scrolls of enchant weapon
 l - 3 scrolls of remove curse
 n - 3 scrolls of magic mapping
 t - a scroll of fog {unknown}
 I - a scroll of immolation {unknown}
 P - 2 scrolls of identify
Potions
 b - 4 potions of might
 d - a potion of ambrosia
 i - a potion of resistance
 j - 2 potions of mutation
 o - 4 potions of curing
 p - a potion of cancellation
 s - 5 potions of flight
 w - 4 potions of haste
 A - 2 potions of magic
Comestibles
 c - 28 rations
 O - 12 chunks of flesh


   Skills:
 + Level 16.6 Fighting
 + Level 20.2 Axes
 - Level 10.0 Armour
 + Level 8.5 Dodging


You had 13 spell levels left.
You didn't know any spells.
Your spell library was empty.

Dungeon Overview and Level Annotations

Branches:
Dungeon (15/15)            Temple (1/1) D:6            Lair (0/6) D:11
    Orc (2/2) D:10            Elf (0/3) Orc:2        Vaults (0/5) D:14
 Depths (0/5) D:15

Altars:
Ashenzari
Cheibriados
Dithmenos
Elyvilon
Fedhas
Gozag
Hepliaklqana
Kikubaaqudgha
Makhleb
Nemelex Xobeh
Okawaru
Qazlal
Ru
Sif Muna
Trog
Uskayaw
Vehumet
Wu Jian
Xom
Yredelemnul
Zin
The Shining One

Shops:
D:4 :


Innate Abilities, Weirdness & Mutations

You reflexively headbutt those who attack you in melee.
You have a pair of horns on your head.
Scrolls take you a little longer to read.


Message History

The orc priest calls down the wrath of Beogh upon you.
Beogh smites you!
* * * LOW HITPOINT WARNING * * *
Really read with blurry vision while enemies are nearby?
Okay, then.
Your plate armour prevents you from hitting the orc priest.
The orc high priest whispers, "I'll spare you if you take my job."
The orc priest mumbles some strange prayers to Beogh against you.
Beogh smites you!
* * * LOW HITPOINT WARNING * * *
The orc priest invokes the aid of Beogh against you.
Beogh smites you!
* * * LOW HITPOINT WARNING * * *
You slice the orc priest!! You freeze the orc priest.
You kill the orc priest!
Trog accepts your kill.
The ice devil disappears in a puff of smoke!
The orc priest invokes the aid of Beogh against you.
Beogh smites you!
You die...

....#......#...)......
#................)......
#............#..######..
............$...#
.....#.........)#
#.............)# #
#............# o#
##..........)###o##o..
#...........)@)oooo4.ยง
##............###o##o..
#.........#...# .#
##............# #
#............#
##....[.......##
#...##).........
##.##..)...#....
#......)....## ###


You could see 2 orc high priests, an ice devil, 4 orc priests and 2 orcs.

Vanquished Creatures
  Rupert (D:12)
  Azrael (D:12)
  Nessos (D:13)
  The ghost of fooot the Severer, a journeyman MiFi of Okawaru (D:10)
  Josephine (D:15)
  2 hydras
  3 two-headed ogres
  A death knight (D:15)
  A catoblepas (D:13)
  2 centaur warriors (D:14)
  An ogre mage (D:14)
  Erica (Orc:1)
  4 orc high priests (Orc:2)
  Nergalle (D:12)
  3 unseen horrors (D:15)
  Pikel (D:8)
  An obsidian statue (Orc:2)
  A necromancer (D:15)
  An orc knight (D:15)
  A wolf spider zombie (D:14)
  5 deep elf magi (D:15)
  15 ugly things
  3 cyclopes
  A manticore (D:15)
  4 centaur zombies
  Maurice (Orc:1)
  2 naga magi (D:15)
  2 gargoyles
  2 centaur skeletons
  3 freezing wraiths
  4 yaktaurs (D:14)
  2 komodo dragons
  An efreet (D:12)
  A tengu conjurer (D:15)
  A queen bee (D:10)
  A merfolk (D:14)
  10 trolls
  3 hornets
  3 slime creatures (D:15)
  6 hippogriffs
  2 shadows
  A vampire (D:15)
  7 wraiths
  A water elemental (D:12)
  6 yaks
  5 wyverns
  3 fire elementals (D:12)
  11 vampire mosquitoes
  A steam dragon (D:7)
  2 wargs
  A harpy simulacrum (D:15)
  3 hell hounds (D:12)
  3 porcupines (D:11)
  3 ice beasts
  An eye of draining (D:12)
  22 orc warriors
  2 sky beasts
  3 slaves (D:8)
  5 phantoms
  A hornet zombie (D:15)
  A boggart (D:14)
  2 black bears
  13 ogres
  A necrophage (D:10)
  19 centaurs
  4 crocodiles
  6 big kobolds
  5 bullfrogs
  A wyvern zombie (D:14)
  16 killer bees
  2 scorpions
  9 wights
  An electric eel (D:12)
  6 howler monkeys
  2 bullfrog zombies
  8 crimson imps
  A quasit (D:12)
  4 jellies
  21 orc priests
  16 orc wizards
  8 hounds
  3 bullfrog skeletons
  Natasha (thrice) (D:3)
  3 iguanas
  13 worker ants
  A hound skeleton (D:7)
  4 gnolls (D:5)
  A worker ant zombie (D:8)
  9 adders
  5 shadow imps
  An ooze (D:7)
  An adder zombie (D:6)
  5 dart slugs
  5 leopard geckos
  77 orcs
  8 giant cockroaches
  12 goblins
  8 hobgoblins
  13 jackals
  4 quokkas
  A ball python (D:2)
  6 bats
  5 frilled lizards
  A giant cockroach zombie (D:5)
  A jackal zombie (D:5)
  21 kobolds
  2 quokka skeletons
  4 rats
  4 fungi (D:11)
549 creatures vanquished.

Vanquished Creatures (collateral kills)
  A hydra (D:13)
  A centaur warrior (D:13)
  A vampire mosquito (D:15)
  An eye of draining (D:13)
4 creatures vanquished.

Vanquished Creatures (others)
  A water elemental (D:12)
  A slave (D:8)
  A fungus (D:11)
3 creatures vanquished.

Grand Total: 556 creatures vanquished

Notes
Turn   | Place    | Note
-------+----------+-------------------------------------------
     0 | D:1      | GizzardofKazz the Minotaur Berserker began the quest for
                  | the Orb.
     0 | D:1      | Reached XP level 1. HP: 19/19 MP: 0/0
    76 | D:1      | Reached skill level 4 in Axes
   480 | D:1      | Reached XP level 2. HP: 26/26 MP: 1/1
   696 | D:2      | Found a basalt altar of Yredelemnul.
   767 | D:2      | Reached skill level 5 in Axes
   796 | D:2      | Reached XP level 3. HP: 17/31 MP: 2/2
  1534 | D:3      | Reached ** piety under Trog
  1593 | D:3      | Found a shattered altar of Ashenzari.
  1596 | D:3      | Found a faded altar of an unknown god.
  1608 | D:3      | Reached XP level 4. HP: 20/39 MP: 3/3
  1610 | D:3      | Reached skill level 6 in Axes
  1860 | D:3      | Noticed Natasha
  1868 | D:3      | Killed Natasha
  1979 | D:3      | Noticed Natasha
  1987 | D:3      | Killed Natasha
  1987 | D:3      | Reached skill level 7 in Axes
  1987 | D:3      | Reached XP level 5. HP: 9/45 MP: 4/4
  2075 | D:3      | Noticed Natasha
  2235 | D:3      | Killed Natasha
  2688 | D:4      | Noticed a phantom
  2728 | D:4      | Found Tiurph's Book Boutique.
  2750 | D:4      | Killed a phantom
  2750 | D:4      | Reached skill level 8 in Axes
  2750 | D:4      | Reached XP level 6. HP: 31/51 MP: 5/5
  2812 | D:4      | Found a shadowy altar of Dithmenos.
  3383 | D:5      | Entered Level 5 of the Dungeon
  3415 | D:5      | Noticed a sky beast
  3437 | D:5      | Killed a sky beast
  3437 | D:5      | Reached skill level 9 in Axes
  3499 | D:5      | Reached *** piety under Trog
  3803 | D:5      | Reached XP level 7. HP: 53/57 MP: 6/6
  3874 | D:4      | Found an ancient bone altar of Kikubaaqudgha.
  3956 | D:5      | Reached skill level 10 in Axes
  4064 | D:5      | Found a blossoming altar of Fedhas.
  4462 | D:6      | Reached skill level 11 in Axes
  4604 | D:6      | Reached XP level 8. HP: 24/64 MP: 7/7
  4877 | D:6      | Reached skill level 12 in Axes
  5181 | D:6      | Reached skill level 13 in Axes
  5185 | D:6      | Found a staircase to the Ecumenical Temple.
  5198 | Temple   | Entered the Ecumenical Temple
  5560 | D:6      | Reached **** piety under Trog
  5629 | D:6      | Reached XP level 9. HP: 47/70 MP: 8/8
  5714 | D:6      | Reached skill level 14 in Axes
  6130 | D:6      | Found a deep blue altar of Sif Muna.
  6381 | D:7      | Reached skill level 5 in Fighting
  7173 | D:8      | Reached ***** piety under Trog
  7182 | D:8      | Noticed Pikel
  7189 | D:8      | Killed Pikel
  7189 | D:8      | Reached skill level 15 in Axes
  7347 | D:8      | Found a hide-covered altar of Uskayaw.
  7347 | D:8      | Found a burning altar of Makhleb.
  7383 | D:8      | Found a radiant altar of Vehumet.
  7446 | D:8      | Found a deep blue altar of Sif Muna.
  7457 | D:8      | Paralysed by a hornet for 3 turns
  7468 | D:8      | Reached XP level 10. HP: 45/88 MP: 9/9
  8282 | D:9      | Noticed a cyclops
  8303 | D:9      | Killed a cyclops
  8692 | D:9      | Received a gift from Trog
  8692 | D:9      | Reached skill level 10 in Fighting
  8692 | D:9      | Reached skill level 16 in Axes
  9197 | D:10     | Entered Level 10 of the Dungeon
  9495 | D:10     | Found a staircase to the Orcish Mines.
  9770 | D:10     | Reached XP level 11. HP: 88/101 MP: 10/10
 10346 | D:10     | Found a transporter.
 10349 | D:10     | Noticed fooot's ghost (journeyman MiFi)
 10350 | D:10     | Found a transporter.
 10663 | D:10     | Killed fooot's ghost
 10663 | D:10     | Reached skill level 17 in Axes
 11495 | D:11     | Found a staircase to the Lair.
 11613 | D:11     | Reached skill level 5 in Armour
 11751 | D:12     | Noticed Nergalle
 11772 | D:12     | Killed Nergalle
 12063 | D:12     | Received a gift from Trog
 12068 | D:12     | Noticed Azrael
 12076 | D:12     | Killed Azrael
 12091 | D:12     | Got a slimy longbow {god gift}
 12092 | D:12     | Identified the +3 longbow of Suicidal Tendencies {velocity,
                  | Dex+4} (Trog gifted it to you on level 12 of the Dungeon)
 12414 | D:12     | Noticed a six-headed hydra
 12426 | D:12     | Killed an 11-headed hydra
 12529 | D:12     | Reached XP level 12. HP: 113/113 MP: 11/11
 13008 | D:12     | Noticed Rupert
 13017 | D:12     | Killed Rupert
 13337 | D:13     | Noticed a five-headed hydra
 13345 | D:13     | Noticed a centaur warrior
 13346 | D:13     | Killed a six-headed hydra
 13346 | D:13     | Reached skill level 18 in Axes
 13353 | D:13     | Killed a centaur warrior
 13355 | D:13     | Noticed a catoblepas
 13373 | D:13     | Killed a catoblepas
 13780 | D:13     | Noticed Nessos
 13803 | D:13     | Killed Nessos
 13920 | D:13     | Noticed a two-headed ogre
 13932 | D:13     | Killed a two-headed ogre
 14051 | D:13     | Identified the +9 hand axe "Wemena" {venom, rC- rN+ MP+9
                  | Str+9}
 14472 | D:14     | Noticed a two-headed ogre
 14472 | D:14     | Noticed a centaur warrior
 14490 | D:14     | Killed a centaur warrior
 14494 | D:14     | Killed a two-headed ogre
 14495 | D:14     | Reached skill level 10 in Armour
 14495 | D:14     | Reached XP level 13. HP: 125/125 MP: 12/12
 14790 | D:14     | Reached skill level 19 in Axes
 14867 | D:14     | Got a slimy ring mail
 14878 | D:14     | Identified the cursed +0 ring mail of the True Pharaoh
                  | {Str+2 Int+3 SInv} (You found it on level 14 of the
                  | Dungeon)
 14919 | D:14     | Reached skill level 15 in Fighting
 15276 | D:14     | Found a gate to the Vaults.
 15401 | D:15     | Entered Level 15 of the Dungeon
 15453 | D:15     | Reached skill level 5 in Dodging
 15543 | D:15     | Received a gift from Trog
 15653 | D:15     | Noticed Josephine
 15663 | D:15     | Killed Josephine
 16343 | D:15     | Reached XP level 14. HP: 104/136 MP: 13/13
 16388 | D:15     | Found a staircase to the Depths.
 16444 | D:15     | Received a gift from Trog
 16929 | D:15     | Reached skill level 20 in Axes
 17242 | Orc:1    | Entered Level 1 of the Orcish Mines
 17246 | Orc:1    | Noticed Maurice
 17272 | Orc:1    | Killed Maurice
 17369 | Orc:1    | Noticed Erica
 17378 | Orc:1    | Killed Erica
 17680 | Orc:1    | Found a bloodstained altar of Trog.
 17886 | Orc:2    | Entered Level 2 of the Orcish Mines
 17937 | Orc:2    | Found a gateway to a bazaar.
 17947 | Bazaar   | Entered a bazaar
 17951 | Bazaar   | Found Omuarhyhe's Weapon Shop.
 17980 | Bazaar   | Found Zeok's Magic Scroll Boutique.
 17985 | Bazaar   | Bought a scroll of identify for 26 gold pieces
 17985 | Bazaar   | Bought a scroll of identify for 26 gold pieces
 17985 | Bazaar   | Bought a scroll of magic mapping for 45 gold pieces
 18002 | Bazaar   | Found Xaruddup's Armour Shop.
 18002 | Bazaar   | Found Qophazib's Antique Weapon Boutique.
 18020 | Bazaar   | Bought a +1 plate armour of poison resistance for 320 gold
                  | pieces
 18074 | Orc:2    | Found a staircase to the Elven Halls.
 18217 | Orc:2    | Gained mutation: Scrolls take you a little longer to read.
                  | [a neqoxec]
 18230 | Orc:2    | Killed from afar by an orc priest

Vault maps used:
D:1:      dpeg_arrival_signposts
D:2:      overflow_temple_1_default, dk_noncrumbling_2, solitary_fountain,
          chequers_serial_rivers_room_a, minivault_19
D:3:      cheibrodos_ashenzari_chains, chequers_ecumenical_altar_simple,
          serial_bayou_pond_b, uniq_natasha
D:4:      lemuel_upstairs_altar, nicolae_dithmenos_through_a_glass_darkly,
          first_ration, serial_shops, shop_fountains,
          chequers_serial_rivers_large_a
D:5:      marbit_many_paths, feat_on_display
D:6:      wad_river_or_something, lemuel_blue_sif_altar,
          minmay_temple_entry_glass
D:8:      gammafunk_temple_overflow_forgotten, basic_altar, uniq_pikel
D:10:     david_orc_3, gammafunk_ghost_hive
D:11:     grunt_lair_entry_orc_guard_hut
D:12:     uniq_azrael, uniq_nergalle, uniq_rupert
D:13:     uniq_nessos
D:14:     hangedman_vaults_entry_quadrant_bands, hangedman_fish_farm,
          grunt_ministairs_15
D:15:     grunt_enter_depths_magical_seal, lemuel_flamethrower_3, uniq_josephine
Temple:   minmay_temple_curvy_branch
Orc:1:    trog_hazing_becter, uniq_maurice, uniq_erica
Orc:2:    st_orc_town, serial_shops, statue_bzr, minmay_orc_barracks
Bazaar:   bazaar_jpeg_honeycomb

Skill      XL: |  1  2  3  4  5  6  7  8  9 10 11 12 13 14 |
---------------+-------------------------------------------+-----
Axes           | 4 5 7 8 9 11 13 15 16 17 18 19 20 | 20.2
Fighting       | 8 10 12 14 15 16 | 16.6
Armour         | 6 10 | 10.0
Dodging        | 6 8 |  8.5

Action                   |  1- 3 |  4- 6 |  7- 9 | 10-12 | 13-15 || total
-------------------------+-------+-------+-------+-------+-------++-------
Melee: Hand axe          |    84 |   124 |   206 |    36 |   203 ||   653
       Headbutt          |     6 |    27 |    58 |    98 |    95 ||   284
       Battleaxe         |       |       |   139 |   461 |    87 ||   687
       Executioner's axe |       |       |       |       |   139 ||   139
Invok: Berserk           |       |       |     3 |     9 |     6 ||    18
       Trog's Hand       |       |       |       |     3 |     3 ||     6
       Brothers in Arms  |       |       |       |     2 |     1 ||     3
  Use: Scroll            |       |       |    12 |     9 |     5 ||    26
       Potion            |       |       |       |       |     9 ||     9
 Stab: Distracted        |       |       |     2 |       |       ||     2
  Eat: Chunk             |     2 |     4 |    15 |    19 |    17 ||    57
       Ration            |       |     1 |       |     4 |       ||     5
Armor: Animal skin       |    27 |     9 |       |       |       ||    36
       Scale mail        |       |    42 |    40 |       |       ||    82
       Plate armour      |       |       |   100 |   285 |   195 ||   580
Dodge: Dodged            |    51 |    63 |   122 |   258 |   168 ||   662
       Deflected         |       |       |       |    12 |    12 ||    24
Block: Other             |       |       |       |       |    29 ||    29
       Reflection        |       |       |       |       |     2 ||     2

Table legend:
 A = Non-vault XP
 B = Vault XP
 C = Vault XP percentage of total XP
 D = Non-vault monster count
 E = Vault monster count
 F = Vault count percentage of total count
                 A         B        C        D         E       F
            +---------+---------+-------+---------+---------+-------
      Total |   54917 |   27358 |  33.3 |     440 |     106 |  19.4
            +---------+---------+-------+---------+---------+-------
        D:1 |      15 |       0 |   0.0 |       8 |       0 |   0.0
        D:2 |      55 |       0 |   0.0 |      23 |       0 |   0.0
        D:3 |     127 |      44 |  25.7 |      24 |       6 |  20.0
        D:4 |     375 |       0 |   0.0 |      10 |       0 |   0.0
        D:5 |     465 |       1 |   0.2 |      20 |       1 |   4.8
        D:6 |    1832 |     378 |  17.1 |      35 |       6 |  14.6
        D:7 |     945 |       0 |   0.0 |      27 |       0 |   0.0
        D:8 |    1376 |     641 |  31.8 |      29 |       1 |   3.3
        D:9 |    2795 |       0 |   0.0 |      30 |       0 |   0.0
       D:10 |    4160 |    2311 |  35.7 |      43 |      12 |  21.8
       D:11 |     947 |     773 |  44.9 |      12 |       6 |  33.3
       D:12 |    3424 |    5959 |  63.5 |      21 |       9 |  30.0
       D:13 |    6767 |    1231 |  15.4 |      39 |       1 |   2.5
       D:14 |    7996 |    5573 |  41.1 |      18 |      20 |  52.6
       D:15 |   19686 |    5631 |  22.2 |      59 |      15 |  20.3
      Orc:1 |    1271 |    1339 |  51.3 |      26 |       8 |  23.5
      Orc:2 |    2681 |    3477 |  56.5 |      16 |      21 |  56.8
            +---------+---------+-------+---------+---------+-------
